 Dungeon Crawl Stone Soup version 0.30-a0-728-gc68057be0a (webtiles) character file.

Game seed: 3862834740131387363

5756 Arximoufas the Thaumaturge (level 10, -15/56 HPs)
             Began as a Deep Elf Conjurer on Jan 30, 2023.
             Was a Priest of Vehumet.
             Demolished by a centaur warrior
             ... wielding a +2 war axe of electrocution
              (20 damage)
             ... on level 9 of the Dungeon.
             The game lasted 00:27:41 (9962 turns).

Arximoufas the Thaumaturge (Deep Elf Conjurer)      Turns: 9962, Time: 00:27:42

Health: -15/56     AC:  5    Str:  4    XL:     10   Next: 49%
Magic:  2/28       EV: 12    Int: 34    God:    Vehumet [***...]
Gold:   653        SH:  0    Dex: 13    Spells: 25/33 levels left

rFire   + . .      SeeInvis .    B - +8 long sword of Linomogu {flame, +Blink rPois rF+ Will+}
rCold   . . .      Faith    .    (no shield)
rNeg    . . .      Spirit   .    a - +0 robe
rPois   +          Reflect  .    (no helmet)
rElec   .          Harm     .    E - +0 cloak
rCorr   .          Rampage  .    w - +1 pair of gloves
Will    ++...                    (no boots)
Stlth   +++                      (no amulet)
HPRegen 0.29/turn                r - +6 ring of intelligence
MPRegen 0.21/turn                e - ring of wizardry

@: no status effects
A: no striking features
a: Renounce Religion, Evoke Blink


You were on level 9 of the Dungeon.
You worshipped Vehumet.
Vehumet was most pleased with you.
You visited 2 branches of the dungeon, and saw 10 of its levels.

You collected 677 gold pieces.
You spent 24 gold pieces at shops.

Inventory:

Hand Weapons
 B - the +8 long sword of Linomogu (weapon) {flame, +Blink rPois rF+ Will+}
   (You found it on level 4 of the Dungeon)

   rF:        It protects you from fire.
   rPois:     It protects you from poison.
   +Blink:    It lets you blink.
   Will:      It increases your willpower.
Missiles
 o - 32 poisoned darts
 C - 3 throwing nets
Armour
 a - a +0 robe (worn)
 w - a +1 pair of gloves (worn)
 E - a +0 cloak (worn)
Magical Staves
 s - a staff of cold
Jewellery
 d - a ring of resist corrosion
 e - a ring of wizardry (right hand)
 k - a ring of willpower
 r - a +6 ring of intelligence (left hand)
Wands
 l - a wand of paralysis (11)
 m - a wand of flame (25)
 t - a wand of light (4)
 v - a wand of roots (14)
Scrolls
 c - a scroll of blinking
 h - 2 scrolls of identify
 p - 3 scrolls of magic mapping
 q - 5 scrolls of teleportation
 x - 2 scrolls of amnesia {unknown}
 y - 2 scrolls of enchant weapon {unknown}
 A - a scroll of fear
 F - a scroll of fog {unknown}
Potions
 b - a potion of magic
 g - a potion of resistance
 i - 2 potions of brilliance {unknown}
 j - 7 potions of curing
 n - a potion of lignification {unknown}
 u - a potion of berserk rage {unknown}
 z - a potion of invisibility {unknown}
 D - a potion of haste {unknown}
 G - a potion of might


   Skills:
 - Level 3.0 Fighting
 - Level 2.4 Dodging
 - Level 5.0 Stealth
 - Level 12.0 Spellcasting
 - Level 10.0 Conjurations
 + Level 11.4 Hexes


You had 25 spell levels left.
You knew the following spells:

 Your Spells              Type           Power      Damage    Failure   Level
a - Magic Dart            Conj           100%       1d8       1%          1
b - Fulminant Prism       Conj/Hex       38%        3d17      1%          4
c - Foxfire               Conj/Fire      100%       2x1d9     1%          1
d - Ensorcelled Hibernat  Hex/Ice        100%       N/A       1%          2

Your spell library contained the following spells:

 Spells                   Type           Power      Damage    Failure   Level
 Stone Arrow              Conj/Erth      100%       3d13      1%          3
 Searing Ray              Conj           100%       2d8       1%          2
 Dazzling Flash           Conj/Hex       100%       N/A       1%          3
 Anguish                  Hex/Necr       28%        N/A       1%          4
 Iskenderun's Mystic Bla  Conj/Tloc      53%        2d11      1%          4
 Spider Form              Tmut/Pois      20%        N/A       2%          3
 Summon Mana Viper        Hex/Summ       56%        N/A       2%          5
 Summon Ice Beast         Ice/Summ       20%        N/A       9%          4
 Monstrous Menagerie      Summ           10%        N/A       99%         7


Dungeon Overview and Level Annotations

Branches:
Dungeon (9/15)             Temple (1/1) D:5
   Lair: D:8-11         Orc: D:9-12

Altars:
Ashenzari
Cheibriados
Dithmenos
Fedhas
Gozag
Hepliaklqana
Kikubaaqudgha
Makhleb
Nemelex Xobeh
Okawaru
Qazlal
Ru
Sif Muna
Trog
Uskayaw
Vehumet
Wu Jian
Xom
Yredelemnul
Zin
The Shining One

Shops:
D:1 (*[?   D:3 [

Annotations:
D:2 1 runed translucent door, Crazy Yiuf


Message History

You start resting.
A centaur warrior comes into view.
It is wielding a +2 war axe of electrocution.
The centaur warrior shouts!
The centaur warrior unwields a +2 war axe of electrocution.
It stops crackling.
The centaur warrior wields a +0 shortbow.
The centaur warrior shoots an arrow.
The arrow barely misses you.
Casting: Fulminant Prism (safe; 1% risk of failure)
Confirm with . or Enter, or press ? or * to list all spells.
Aiming: Fulminant Prism (safe; 1% risk of failure)
Press: ? - help, Dir - move target You conjure a prism of explosive energy!
A fulminant prism comes into view.
The centaur warrior shoots an arrow.
The arrow hits your fulminant prism!!
Casting: Fulminant Prism (safe; 1% risk of failure)
Confirm with . or Enter, or press ? or * to list all spells.
Aiming: Fulminant Prism (safe; 1% risk of failure)
Press: ? - help, Dir - move target You conjure a prism of explosive energy!
A fulminant prism comes into view.
The centaur warrior shoots an arrow.
The arrow hits your fulminant prism!
Your fulminant prism detonates feebly.
The centaur warrior shoots an arrow.
The arrow hits you!
Your fulminant prism crackles loudly.
Your fulminant prism explodes!
The blast of energy engulfs the centaur warrior!!
The centaur warrior is heavily wounded.
The centaur warrior shoots an arrow.
The arrow hits you!
The centaur warrior shoots an arrow.
The arrow hits you!!
* * * LOW HITPOINT WARNING * * *
You feel much better.
The centaur warrior shoots an arrow.
The arrow closely misses you.
The centaur warrior shoots an arrow.
The arrow hits you!
The centaur warrior unwields a +0 shortbow.
The centaur warrior wields a +2 war axe of electrocution.
You hear the crackle of electricity.
The centaur warrior hits you with a +2 war axe of electrocution!!
* * * LOW HITPOINT WARNING * * *
You are electrocuted!!
You die...

>...... #.....# ..
........'.....# ...
....###.....#### ....
...#...........
....#######'#)c.........
..........†.......#####
#..............#
#..c############ #..@#
#...# #...# #####


You could see a centaur warrior.

Vanquished Creatures
  A hydra (D:9)
  Maggie (D:6)
  Prince Ribbit (D:8)
  Grinder (D:3)
  2 wyverns
  2 yaks (D:9)
  A vampire mosquito (D:9)
  2 water moccasins
  2 orc warriors
  2 ogres
  3 centaurs
  A phantom (D:5)
  2 kobold brigands
  4 bullfrogs
  3 necrophages
  5 scorpions
  11 wights
  A killer bee (D:9)
  A vampire bat (D:4)
  2 howler monkeys
  4 jellies
  7 orc priests
  5 hounds
  Jessica (D:2)
  Ijyb (D:4)
  5 iguanas
  10 orc wizards
  15 gnolls
  7 adders
  2 white imps
  7 dart slugs
  3 fire bats (D:4)
  33 orcs
  2 spectral bats (D:4)
  4 ball pythons
  3 bat skeletons (D:4)
  A bat zombie (D:4)
  8 endoplasms
  3 giant cockroaches
  4 goblins
  4 hobgoblins
  17 kobolds
  3 quokkas
  11 bats
  A bat simulacrum (D:4)
  A frilled lizard (D:1)
  5 rats
215 creatures vanquished.

Vanquished Creatures (others)
  A killer bee simulacrum (D:9)
  68 fulminant prisms
  3 toadstools (D:5)
72 creatures vanquished.

Grand Total: 287 creatures vanquished

Notes
Turn   | Place    | Note
-------+----------+-------------------------------------------
     0 | D:1      | Arximoufas the Deep Elf Conjurer began the quest for the
                  | Orb.
     0 | D:1      | Reached XP level 1. HP: 10/10 MP: 6/6
   189 | D:1      | Reached XP level 2. HP: 15/15 MP: 4/8
   263 | D:1      | Found Fufunuub's Magic Scroll Shoppe.
   305 | D:1      | Bought a scroll of identify for 24 gold pieces
   337 | D:1      | Found Ivoys's Armour Emporium.
   354 | D:1      | Found Pano's General Store.
   697 | D:1      | Found Akoanas's Antique Weapon Emporium.
  1145 | D:2      | Reached XP level 3. HP: 19/19 MP: 8/10
  1320 | D:2      | Found a faded altar of an unknown god.
  1506 | D:2      | Noticed Jessica
  1511 | D:2      | Killed Jessica
  1512 | D:2      | Reached skill level 4 in Spellcasting
  1512 | D:2      | Reached skill level 5 in Conjurations
  1830 | D:2      | Found a runed translucent door.
  1831 | D:2      | Noticed Crazy Yiuf
  2073 | D:3      | Reached XP level 4. HP: 24/24 MP: 10/12
  2121 | D:3      | Learned a level 4 spell: Fulminant Prism
  2199 | D:3      | Reached skill level 1 in Hexes
  2560 | D:3      | Reached XP level 5. HP: 25/28 MP: 10/14
  2867 | D:3      | Found Imnysoij's Armour Shop.
  2929 | D:3      | Noticed Grinder
  2955 | D:3      | Killed Grinder
  2956 | D:3      | Reached skill level 5 in Stealth
  2956 | D:3      | Reached skill level 5 in Spellcasting
  2956 | D:3      | Reached skill level 5 in Hexes
  2956 | D:3      | Reached XP level 6. HP: 32/32 MP: 10/15
  3376 | D:4      | Noticed Ijyb
  3386 | D:4      | Killed Ijyb
  3689 | D:4      | Found a snail-covered altar of Cheibriados.
  3699 | D:4      | Reached XP level 7. HP: 31/36 MP: 8/16
  4087 | D:4      | Reached skill level 6 in Spellcasting
  4176 | D:4      | Identified the +8 long sword of Linomogu {flame, +Blink
                  | rPois rF+ Will+}
  4201 | D:4      | Reached skill level 7 in Spellcasting
  4862 | D:5      | Entered Level 5 of the Dungeon
  4862 | D:5      | Found a staircase to the Ecumenical Temple.
  4870 | Temple   | Entered the Ecumenical Temple
  4881 | Temple   | Became a worshipper of Vehumet
  5323 | D:5      | Reached XP level 8. HP: 41/41 MP: 7/20
  5327 | D:5      | Reached skill level 8 in Spellcasting
  6320 | D:6      | Noticed Maggie
  6326 | D:6      | Killed Maggie
  6326 | D:6      | Reached * piety under Vehumet
  6326 | D:6      | Offered knowledge of Foxfire by Vehumet.
  6327 | D:6      | Reached skill level 9 in Spellcasting
  6329 | D:6      | Learned a level 1 spell: Foxfire
  6332 | D:6      | Learned a level 2 spell: Ensorcelled Hibernation
  6339 | D:6      | Reached skill level 10 in Hexes
  6342 | D:6      | Reached XP level 9. HP: 30/45 MP: 1/24
  6703 | D:6      | Reached skill level 10 in Spellcasting
  7536 | D:6      | Reached skill level 1 in Fighting
  7949 | D:7      | Offered knowledge of Kiss of Death by Vehumet.
  7949 | D:7      | Reached ** piety under Vehumet
  8779 | D:8      | Noticed Prince Ribbit
  8789 | D:8      | Killed Prince Ribbit
  8824 | D:8      | Reached skill level 11 in Spellcasting
  8979 | D:8      | Reached XP level 10. HP: 56/56 MP: 22/27
  9100 | D:8      | Reached skill level 12 in Spellcasting
  9807 | D:9      | Offered knowledge of Stone Arrow by Vehumet.
  9922 | D:9      | Noticed a seven-headed hydra
  9940 | D:9      | Killed a seven-headed hydra
  9940 | D:9      | Reached *** piety under Vehumet
  9941 | D:9      | Reached skill level 10 in Conjurations
  9951 | D:9      | Noticed a centaur warrior
  9962 | D:9      | Demolished by a centaur warrior

Illustrated notes

Levels and vault maps discovered:
D:1:      nagdon_arrival_zigzag_paths, layout_basic, serial_shops,
          nicolae_shop_competitors_out_of_business, shop_statue,
          nicolae_shop_statue_plus, shop
D:2:      layout_loops_ring, shapermc_ecumenical_altar_hornbeckon, uniq_jessica,
          uniq_crazy_yiuf_cottage
D:3:      layout_loops_ring, serial_shops, nicolae_diamond_shop, uniq_grinder
D:4:      kennysheep_six_static_rooms, layout_basic, cheibriados_altar_1,
          goddamned_bats, uniq_ijyb
D:5:      nicolae_cairo_tiling_large_dashed, layout_basic,
          minmay_temple_entry_crystal_x, serial_curves, eino_curves_04,
          eino_curves_02, hex_medium, minmay_gold_behind_fungi
D:6:      layout_rooms, uniq_maggie
D:7:      layout_loops_cross
D:8:      layout_loops_ring, uniq_prince_ribbit1
D:9:      minmay_the_grid_triangle_9x9_recursive_2
          [minmay_the_grid_triangle_9x9_prize_schism,
          minmay_the_grid_triangle_9x9_fully_insulated_deathbox,
          minmay_the_grid_triangle_9x9_checkered,
          minmay_the_grid_triangle_9x9_descending_squares],
          layout_irregular_city, mainiacjoe_overflow_brackets
Temple:   nicolae_temple_bog_church

Skill      XL: |  1  2  3  4  5  6  7  8  9 10 |
---------------+-------------------------------+-----
Stealth        | 3 4 5 |  5.0
Spellcasting   | 4 5 7 9 11 12 | 12.0
Conjurations   | 5 7 8 10 | 10.0
Hexes          | 1 5 6 8 10 11 | 11.4
Fighting       | 3 |  3.0
Dodging        | |  2.4

Action                     |  1- 3 |  4- 6 |  7- 9 | 10-12 || total
---------------------------+-------+-------+-------+-------++-------
   Cast: Magic Dart        |    59 |   110 |   238 |    34 ||   441
         Fulminant Prism   |       |       |    45 |    23 ||    68
  Evoke: Wand              |       |     3 |     1 |       ||     4
    Use: Scroll            |       |     3 |     9 |     1 ||    13
         Potion            |       |       |     2 |     1 ||     3
 Armour: Robe              |       |     1 |    33 |     4 ||    38
  Dodge: Dodged            |     1 |    12 |    56 |    12 ||    81

Table legend: (Time is in decaauts)
 A = Elapsed time spent in this place.
 B = Non-inter-level travel time spent in this place.
 C = Inter-level travel time spent in this place.
 D = Time resting spent in this place.
 E = Time spent auto-exploring this place.
 F = Levels seen in this place.
 G = Mean time per level.
                   A        B        C        D        E       F      G
               +--------+--------+--------+--------+--------+-----+--------+
         Total |   9971 |   9413 |    558 |   1821 |   6478 |  10 |  997.1 |
       Dungeon |   9789 |   9242 |    547 |   1821 |   6327 |   9 | 1087.7 |
        Temple |    182 |    171 |     11 |      0 |    150 |   1 |  182.0 |
               +--------+--------+--------+--------+--------+-----+--------+

Top non-repeatable levels by time:
     D:4: 1674 daAuts
     D:5: 1502 daAuts
     D:6: 1299 daAuts
     D:3: 1130 daAuts
     D:2: 1083 daAuts
     D:8: 992 daAuts
     D:1: 976 daAuts
     D:7: 937 daAuts
     D:9: 193 daAuts
  Temple: 182 daAuts
